cohdb
Replays
Latest Replays
All Replays
Popular Replays
Top Player Replays
Match Explorer
How It Works
Community
CoH3 Stats
Reddit
Sign in to upload your games and track your stats! →
Sign in with Steam
Match 39798099
Unlisted
Match 39798099
Overview
Messages
Build Orders
End
Construct Infanterie Kompanie
Grenadier Squad
MG 42 Machine Gun Team
Grenadier Squad
Infanterie Officer Quarters
GrW 34 Mortar Team
Construct Panzergrenadier Kompanie
Selects Terror Battlegroup
Selects Machine Gun Camouflage
Pak 40 Anti-tank Gun Team
Panzergrenadier Squad
Panzergrenadier Squad
Selects Defend the Fatherland
Pak 40 Anti-tank Gun Team
Panzergrenadier Officer Quarters
Panzergrenadier Squad
Support Elements
Construct Panzer Kompanie
Moltke1871
卡卡
Mr.Wu
nonocat
认识还不止,共患难了
Toejamkid
*/\*
erikvandenwijngaard
0
0
Comments
sign in to comment!
No comments posted yet!